SL
COLUMBUS TIDAL WAVES @ LAS VEGAS FLAMINGOS
05/29/2019
 
TOP OF THE 1ST
Columbus Tidal Waves batting - Pitching for Las Vegas Flamingos : LHP Allen Blair
Pitching: LHP Allen Blair
Batting: RHB Joseph Pate 0-0: Foul Ball, location: 2F
0-1: Hit by Pitch
Batting: RHB Florian Cesaresco 0-0: Ball
1-0: Ball
2-0: Foul Ball, location: 2F
2-1: Fielders Choice at 2nd, 6-4 (Groundball, 6)
Batting: RHB Cale Sutton 0-0: Called Strike
0-1: Ball
Florian Cesaresco steals 2nd base
1-1: Called Strike
1-2: Ball
2-2: Foul Ball, location: 2F
2-2: Foul Ball, location: 2F
2-2: Foul Ball, location: 2F
2-2: Foul Ball, location: 2F
2-2: Foul Ball, location: 2F
2-2: Ground out 1-3 (Groundball, 15S)
Batting: RHB Yong-oon Yi 0-0: Ball
1-0: Ball
2-0: Swinging Strike
2-1: SINGLE (Line Drive, 56D)
Florian Cesaresco to third
Batting: LHB Do-hyung Nam 0-0: Foul Ball, location: 2F
0-1: Ball
1-1: Foul Ball, location: 2F
1-2: Ball
2-2: Ball
3-2: Ground out 3-1 (Groundball, 34)
Top of the 1st over - 0 run(s), 1 hit(s), 0 error(s), 2 left on base; Columbus 0 - Las Vegas 0
BOTTOM OF THE 1ST
Las Vegas Flamingos batting - Pitching for Columbus Tidal Waves : RHP Luis Fernández
Pitching: RHP Luis Fernández
Batting: RHB Bill Taylor 0-0: Swinging Strike
0-1: Ball
1-1: Ball
2-1: Hit by Pitch
Batting: RHB David Gómez 0-0: Ball
1-0: Called Strike
1-1: Ball
2-1: Ball
3-1: SINGLE (Groundball, 56D)
Bill Taylor to second
Batting: LHB José Meléndez 0-0: Ball
1-0: Ball
2-0: Ball
3-0: Base on Balls
Bill Taylor to third
David Gómez to second
Batting: RHB Terry Sylvester 0-0: Called Strike
0-1: Ball
1-1: Foul Ball, location: 2F
1-2: Fly out, F9 (Flyball, 9M)
Runner from 3rd tags up, SCORES, no throw
Batting: RHB Floyd Mitchell 0-0: Called Strike
0-1: TRIPLE (Line Drive, 9LS)
David Gómez scores
José Meléndez scores
Batting: LHB Robert Bond 0-0: Foul Ball, location: 2F
0-1: Ball
1-1: Ground out 5-3 (Groundball, 56S)
Floyd Mitchell scores
Batting: RHB Jeff Young 0-0: Swinging Strike
0-1: Foul Ball, location: 2F
0-2: Strikes out swinging
Bottom of the 1st over - 4 run(s), 2 hit(s), 0 error(s), 0 left on base; Columbus 0 - Las Vegas 4
TOP OF THE 2ND
Columbus Tidal Waves batting - Pitching for Las Vegas Flamingos : LHP Allen Blair
Batting: RHB George McDonald 0-0: Ball
1-0: Ball
2-0: Called Strike
2-1: Fly out, F7 (Flyball, 7D)
Batting: SHB Todd Schenkel 0-0: Fly out, F7 (Flyball, 78M)
Batting: RHB Joaquín Parra 0-0: Foul Ball, location: 2F
0-1: Ball
1-1: Called Strike
1-2: Strikes out swinging
Top of the 2nd over - 0 run(s), 0 hit(s), 0 error(s), 0 left on base; Columbus 0 - Las Vegas 4
BOTTOM OF THE 2ND
Las Vegas Flamingos batting - Pitching for Columbus Tidal Waves : RHP Luis Fernández
Batting: RHB Matt Sheppard 0-0: Ground out 5-3 (Groundball, 56)
Batting: RHB Allen Blair 0-0: Swinging Strike
0-1: Called Strike
0-2: Ball
1-2: Strikes out looking
Batting: RHB Bill Taylor 0-0: Ball
1-0: Ground out 4-3 (Groundball, 4M)
Bottom of the 2nd over - 0 run(s), 0 hit(s), 0 error(s), 0 left on base; Columbus 0 - Las Vegas 4
TOP OF THE 3RD
Columbus Tidal Waves batting - Pitching for Las Vegas Flamingos : LHP Allen Blair
Batting: RHB Luis Fernández 0-0: Foul Ball, location: 2F
0-1: Called Strike
0-2: Foul Ball, location: 2F
0-2: Foul Ball, location: 2F
0-2: Strikes out swinging
Batting: RHB Joseph Pate 0-0: Ball
1-0: Swinging Strike
1-1: Ball
2-1: Foul Ball, location: 2F
2-2: Foul Ball, location: 2F
2-2: Ball
3-2: Fly out, F8 (Flyball, 8RM)
Batting: RHB Florian Cesaresco 0-0: Ball
1-0: Ball
2-0: Ground out 1-3 (Groundball, 23)
Top of the 3rd over - 0 run(s), 0 hit(s), 0 error(s), 0 left on base; Columbus 0 - Las Vegas 4
BOTTOM OF THE 3RD
Las Vegas Flamingos batting - Pitching for Columbus Tidal Waves : RHP Luis Fernández
Batting: RHB David Gómez 0-0: Ball
1-0: Ball
2-0: Called Strike
2-1: Called Strike
2-2: Ball
3-2: Base on Balls
Batting: LHB José Meléndez 0-0: Called Strike
0-1: Foul Ball, location: 2F
0-2: Foul Ball, location: 2F
0-2: Ball
1-2: Grounds into double play, 4-6-3 (Groundball, 4)
Batting: RHB Terry Sylvester 0-0: Ball
1-0: Swinging Strike
1-1: Fly out, F6 (Line Drive, 6)
Bottom of the 3rd over - 0 run(s), 0 hit(s), 0 error(s), 0 left on base; Columbus 0 - Las Vegas 4
TOP OF THE 4TH
Columbus Tidal Waves batting - Pitching for Las Vegas Flamingos : LHP Allen Blair
Batting: RHB Cale Sutton 0-0: Called Strike
0-1: Ball
1-1: Ground out 4-3 (Groundball, 4)
Batting: RHB Yong-oon Yi 0-0: DOUBLE (Line Drive, 5L)
Batting: LHB Do-hyung Nam 0-0: Called Strike
0-1: Ball
1-1: Hit by Pitch
Pinch Runner at 1st Juan Alvarado:
Batting: RHB George McDonald 0-0: Ball
1-0: Fielders Choice at 2nd, 5-4 (Groundball, 5)
Yong-oon Yi to third
Batting: SHB Todd Schenkel 0-0: Ball
1-0: Ball
2-0: Swinging Strike
2-1: Foul Ball, location: 2F
2-2: Ball
3-2: Foul Ball, location: 2F
3-2: Base on Balls
George McDonald to second
Batting: RHB Joaquín Parra 0-0: Called Strike
0-1: Fly out, F8 (Flyball, 8RS)
Top of the 4th over - 0 run(s), 1 hit(s), 0 error(s), 3 left on base; Columbus 0 - Las Vegas 4
BOTTOM OF THE 4TH
Las Vegas Flamingos batting - Pitching for Columbus Tidal Waves : RHP Luis Fernández
Now at C: Juan Alvarado
Batting: RHB Floyd Mitchell 0-0: Ball
1-0: Called Strike
1-1: Ball
2-1: Fly out, F4 (Popup, 4MD)
Batting: LHB Robert Bond 0-0: Ball
1-0: Called Strike
1-1: Ball
2-1: SINGLE (Groundball, 4M)
Batting: RHB Jeff Young Pickoff Throw to First - Error! E1
Robert Bond to second
0-0: Ball
1-0: Ball
2-0: Fly out, F3 (Popup, 3)
Batting: RHB Matt Sheppard 0-0: Intentional Walk
Batting: RHB Allen Blair 0-0: Called Strike
0-1: SINGLE (Groundball, 6M)
Robert Bond to third
Matt Sheppard to second
Runner from 3rd tries for Home, SAFE, no throw or cutoff
Batting: RHB Bill Taylor 0-0: Ball
1-0: Called Strike
1-1: Ball
2-1: Called Strike
2-2: Strikes out looking
Bottom of the 4th over - 1 run(s), 2 hit(s), 1 error(s), 2 left on base; Columbus 0 - Las Vegas 5
TOP OF THE 5TH
Columbus Tidal Waves batting - Pitching for Las Vegas Flamingos : LHP Allen Blair
Pinch Hitting: LHB James Murray 0-0: Ball
1-0: Called Strike
1-1: Swinging Strike
1-2: Strikes out swinging
Batting: RHB Joseph Pate 0-0: Ball
1-0: Called Strike
1-1: Swinging Strike
1-2: Ball
2-2: Foul Ball, location: 2F
2-2: Strikes out swinging
Batting: RHB Florian Cesaresco 0-0: Ground out 4-3 (Groundball, 4M)
Top of the 5th over - 0 run(s), 0 hit(s), 0 error(s), 0 left on base; Columbus 0 - Las Vegas 5
BOTTOM OF THE 5TH
Las Vegas Flamingos batting - Pitching for Columbus Tidal Waves : RHP Luis Fernández
Pitching: RHP Les Edwards
Batting: RHB David Gómez 0-0: Swinging Strike
0-1: Swinging Strike
0-2: Ground out 5-3 (Groundball, 5)
Batting: LHB José Meléndez 0-0: Foul Ball, location: 2F
0-1: Swinging Strike
0-2: Ball
1-2: Foul Ball, location: 2F
1-2: Ball
2-2: Ball
3-2: Fly out, F8 (Flyball, 78M)
Batting: RHB Terry Sylvester 0-0: Ground out 5-3 (Groundball, 56)
Bottom of the 5th over - 0 run(s), 0 hit(s), 0 error(s), 0 left on base; Columbus 0 - Las Vegas 5
TOP OF THE 6TH
Columbus Tidal Waves batting - Pitching for Las Vegas Flamingos : LHP Allen Blair
Batting: RHB Cale Sutton 0-0: Ball
1-0: Called Strike
1-1: Ball
2-1: Ball
3-1: Called Strike
3-2: Strikes out swinging
Batting: RHB Yong-oon Yi 0-0: Foul Ball, location: 2F
0-1: Ball
1-1: Ground out 5-3 (Groundball, 56S)
Batting: RHB Juan Alvarado 0-0: Ball
1-0: Called Strike
1-1: Called Strike
1-2: Strikes out looking
Top of the 6th over - 0 run(s), 0 hit(s), 0 error(s), 0 left on base; Columbus 0 - Las Vegas 5
BOTTOM OF THE 6TH
Las Vegas Flamingos batting - Pitching for Columbus Tidal Waves : RHP Les Edwards
Batting: RHB Floyd Mitchell 0-0: Ball
1-0: Ball
2-0: Foul Ball, location: 2F
2-1: Ball
3-1: Base on Balls
Batting: LHB Robert Bond 0-0: Ball
1-0: Fielders Choice at 2nd, 3-6 (Groundball, 3)
Batting: RHB Jeff Young 0-0: Ball
1-0: SINGLE (Line Drive, 6D)
Robert Bond to second
Batting: RHB Matt Sheppard 0-0: Ground out 4-3 (Groundball, 13)
Robert Bond to third
Jeff Young to second
Batting: RHB Allen Blair 0-0: Ball
1-0: Swinging Strike
1-1: SINGLE (Line Drive, 34)
Robert Bond scores
Jeff Young to third
Runner from 3rd tries for Home, SAFE, throw made home
Batting: RHB Bill Taylor 0-0: SINGLE (Line Drive, 6M)
Allen Blair to second
Runner from 2nd tries for 3rd, OUT!
Bottom of the 6th over - 2 run(s), 3 hit(s), 0 error(s), 1 left on base; Columbus 0 - Las Vegas 7
TOP OF THE 7TH
Columbus Tidal Waves batting - Pitching for Las Vegas Flamingos : LHP Allen Blair
Now at 2B: Stephen Baldwin
Now at SS: Bill Becker
Batting: RHB George McDonald 0-0: Called Strike
0-1: Ball
1-1: Called Strike
1-2: Ball
2-2: SINGLE (Flyball, 6MD)
Batting: SHB Todd Schenkel 0-0: Foul Ball, location: 2F
0-1: Foul Ball, location: 2F
0-2: Foul Ball, location: 2F
0-2: Strikes out swinging
Batting: RHB Joaquín Parra 0-0: Ball
1-0: Ball
2-0: SINGLE (Flyball, 6MD)
George McDonald to second
Pinch Hitting: LHB Jon MacIntyre 0-0: Ground out 5-3 (Groundball, 6S)
George McDonald to third
Joaquín Parra to second
Batting: RHB Joseph Pate 0-0: Ball
1-0: Ball
2-0: Swinging Strike
2-1: Ball
3-1: Foul Ball, location: 2F
3-2: Base on Balls
Pitching: RHP Bob Warford
Batting: RHB Florian Cesaresco 0-0: Ball
1-0: Swinging Strike
1-1: Ball
2-1: Foul Ball, location: 2F
2-2: SINGLE (Flyball, 9LM)
George McDonald scores
Joaquín Parra to third
Joseph Pate to second
Runner from 3rd tries for Home, SAFE, no throw or cutoff
Batting: RHB Cale Sutton 0-0: Ball
1-0: Called Strike
1-1: SINGLE (Groundball, 34D) (infield hit)
Joseph Pate to third
Florian Cesaresco to second
Batting: RHB Yong-oon Yi 0-0: Ball
1-0: Foul Ball, location: 2F
1-1: Fly out, F3 (Line Drive, 34)
Top of the 7th over - 2 run(s), 4 hit(s), 0 error(s), 3 left on base; Columbus 2 - Las Vegas 7
BOTTOM OF THE 7TH
Las Vegas Flamingos batting - Pitching for Columbus Tidal Waves : RHP Les Edwards
Pitching: RHP Bill Jensen
Batting: RHB David Gómez 0-0: Fly out, F8 (Line Drive, 8RM)
Batting: SHB Stephen Baldwin 0-0: SINGLE (Line Drive, 6MD)
Batting: RHB Terry Sylvester 0-0: Called Strike
0-1: Ball
1-1: Called Strike
1-2: Ball
2-2: 2-RUN HOME RUN (Flyball, 78XD), Distance : 436 ft
Batting: RHB Floyd Mitchell 0-0: Ball
1-0: Ball
2-0: Ground out 1-3 (Groundball, 13S)
Batting: LHB Robert Bond 0-0: Swinging Strike
0-1: Ground out 4-3 (Groundball, 34)
Bottom of the 7th over - 2 run(s), 2 hit(s), 0 error(s), 0 left on base; Columbus 2 - Las Vegas 9
TOP OF THE 8TH
Columbus Tidal Waves batting - Pitching for Las Vegas Flamingos : RHP Bob Warford
Batting: RHB Juan Alvarado 0-0: Called Strike
0-1: Ball
1-1: Ball
2-1: Fly out, F9 (Flyball, 89M)
Batting: RHB George McDonald 0-0: Ball
1-0: Called Strike
1-1: Ball
2-1: Foul Ball, location: 2F
2-2: Foul Ball, location: 2F
2-2: Ground out 5-3 (Groundball, 5)
Pinch Hitting: LHB Trent Kershaw 0-0: Ball
1-0: Called Strike
1-1: Called Strike
1-2: Ball
2-2: Strikes out swinging
Top of the 8th over - 0 run(s), 0 hit(s), 0 error(s), 0 left on base; Columbus 2 - Las Vegas 9
BOTTOM OF THE 8TH
Las Vegas Flamingos batting - Pitching for Columbus Tidal Waves : RHP Bill Jensen
Now at 2B: Ron Humboldt
Batting: RHB Jeff Young 0-0: Ball
1-0: Fly out, F7 (Flyball, 7M)
Batting: RHB Matt Sheppard 0-0: Called Strike
0-1: Ball
1-1: Foul Ball, location: 2F
1-2: SINGLE (Line Drive, 8LS)
Pinch Hitting: RHB Félix Flores 0-0: Foul Ball, location: 2F
0-1: Ball
1-1: Foul Ball, location: 2F
1-2: Strikes out swinging
Batting: SHB Bill Becker 0-0: Called Strike
0-1: Ball
1-1: Ball
2-1: Ball
3-1: Ground out 4-3 (Groundball, 34)
Bottom of the 8th over - 0 run(s), 1 hit(s), 0 error(s), 1 left on base; Columbus 2 - Las Vegas 9
TOP OF THE 9TH
Columbus Tidal Waves batting - Pitching for Las Vegas Flamingos : RHP Bob Warford
Pitching: RHP John Dodson
Batting: RHB Joaquín Parra 0-0: Called Strike
0-1: Fly out, F9 (Flyball, 9LM)
Pinch Hitting: RHB Pepe Gómez 0-0: Ball
1-0: Ball
2-0: Called Strike
2-1: Foul Ball, location: 2F
2-2: Ball
3-2: Strikes out swinging
Batting: RHB Joseph Pate 0-0: Called Strike
0-1: Ball
1-1: Fly out, F9 (Flyball, 9M)
Top of the 9th over - 0 run(s), 0 hit(s), 0 error(s), 0 left on base; Columbus 2 - Las Vegas 9
This league is powered by Out of the Park Baseball, the baseball management simulation game for PC, Mac and Linux
Saturday, July 25th, 2015 - OOTP Baseball 15.6 Build 34